 Dungeon Sprint DCSS version 0.22-a0-268-g1cc83ef (webtiles) character file.

1727 Ghella the Imperceptible (level 8, -11/31 HPs)
             Began as a Felid Enchanter on Mar 9, 2018.
             Was an Elder of Dithmenos.
             Mangled by a spriggan rider
             ... wielding a +0 spear
              (13 damage)
             ... in the Dungeon (Sprint IV: "Fedhas' Mad Dash").
             The game lasted 00:05:47 (2710 turns).

Ghella the Imperceptible (Felid Enchanter)          Turns: 2710, Time: 00:05:48

Health: -11/31     AC:  2    Str:  4    XL:     8   Next: 75%
Magic:  6/16       EV: 18    Int: 17    God:    Dithmenos [****..]
Gold:   172        SH:  0    Dex: 18    Spells: 5/11 levels left
                                        Lives:  0   Deaths: 2

rFire    . . .     SeeInvis +     - Unarmed
rCold    . . .     Gourm    .   (shield unavailable)
rNeg     . . .     Faith    .   (armour unavailable)
rPois    .         Spirit   .   (helmet unavailable)
rElec    .         Reflect  .   (cloak unavailable)
rCorr    .         Harm     .   (gloves unavailable)
MR       +....     NoTele   +   (boots unavailable)
Stlth    ++++++++++             g - amulet of invisibility {+Inv}
HPRegen  0.10/turn              (no ring)
MPRegen  0.15/turn              (no ring)

@: very slightly contaminated, wreathed by umbra, quick
A: very small, no armour, no weapons or thrown items, stealth, claws 1, fangs 3,
see invisible, carnivore, speed 1, shaggy fur 2, slow metabolism 1, sharp paws
a: Shadow Step, Renounce Religion, Evoke Invisibility


You were in the Dungeon.
You worshipped Dithmenos.
Dithmenos was greatly pleased with you.
You were very hungry.

You visited 1 branch You collected 172 gold pieces.

Inventory:

Jewellery
 f - an uncursed ring of wizardry {unknown}
 g - the amulet of invisibility (around neck) {+Inv}
   (You found it in the Dungeon)

   [amulet of nothing]

   It lets you turn invisible.
 h - the ring of Neastreys {+Fly rN+, unknown}
   (You took it off a spriggan in the Dungeon)

   [ring of flight]

   It protects you from negative energy.
   It lets you fly.
Wands
 i - a wand of disintegration (11)
Scrolls
 d - a scroll of enchant weapon {unknown}
 j - 2 scrolls of identify {unknown}
Potions
 a - a potion of brilliance {unknown}
 c - a potion of curing
 e - a potion of haste
Comestibles
 b - a ration


   Skills:
 - Level 0.8 Fighting
 - Level 2.6 Dodging
 * Level 23.7 Stealth
 - Level 1.0 Unarmed Combat
 - Level 2.0 Spellcasting
 - Level 4.4 Hexes
 + Level 2.8 Ice Magic
 + Level 9.8 Evocations


You had 5 spell levels left.
You knew the following spells:

 Your Spells              Type           Power        Failure   Level  Hunger
a - Corona                Hex            ###....      3%          1    #......
b - Ensorcelled Hibernat  Hex/Ice        ##....       7%          2    ###....
c - Confuse               Hex            ###.....     10%         3    ###....


Dungeon Overview and Level Annotations

Branches:
Dungeon (1/1)

Altars:
Cheibriados
Dithmenos
Elyvilon
Gozag
Hepliaklqana
Kikubaaqudgha
Makhleb
Nemelex Xobeh
Okawaru
Qazlal
Ru
Sif Muna
Trog
Uskayaw
Vehumet
Wu Jian
Xom
Yredelemnul
Zin
The Shining One
Beogh
Jiyva
Lugonu

Shops:
D %(}(*


Innate Abilities, Weirdness & Mutations

You cannot wear armour.
You are incapable of wielding weapons or throwing items.
Your paws allow you to move quietly. (Stealth)
You have sharp claws.
You have razor-sharp teeth.
You have supernaturally acute eyesight. (SInv)
You are carnivorous and can eat meat at any time.
You cover ground quickly.
You are covered in thick fur. (AC +2)
You have a slow metabolism.
Your sharp claws are effective at attacking unaware monsters.


Message History

You are very lightly contaminated with residual magic.
Wisps of condensation drift from your paws.
You are feeling very hungry.
The spriggan rider barely misses you.
Casting: Ensorcelled Hibernation (safe; 7% risk of failure)
Confirm with . or Enter, or press ? or * to list all spells.
Aiming: Ensorcelled Hibernation (safe; 7% risk of failure)
Press: ? - help, Shift-Dir - straight line, f/p - spriggan rider
Aim: a spriggan rider, wielding a +0 spear (umbra, chance to defeat MR: 1%)
The spriggan rider resists with almost no effort.
The spriggan rider hits you with a +0 spear!!
Ouch! That really hurt!
* * * LOW HITPOINT WARNING * * *
You emit a cloud of dark smoke.
Casting: Ensorcelled Hibernation (safe; 7% risk of failure)
Confirm with . or Enter, or press ? or * to list all spells.
You don't know that spell.
Unknown command.
The spriggan rider hits you from afar with a +0 spear!
You die...

################################
..#.⌠._._._._.⌠§#..'...#....##∩#
..'.._._._._._..@§§#...#....').#
..#..._._._._...#§§###'##..[##∩#
'##.._._._._._..#§i##∩∩)'...####
..#._._._._._.⌠.############# ###
..###################....)i###...
### ##.'..'....†ii'†'...
#..#..#.P.....######
###.##+##.P....# +...# ########


You could see a spriggan rider.

Vanquished Creatures
  4 oklob plants (D)
  A demonic crawler (D)
  A burning bush (D)
  2 wandering mushrooms (D)
  2 scorpions (D)
  4 oklob saplings (D)
  A worker ant (D)
  3 spriggans (D)
  A river rat (D)
  A rat (D)
  A ballistomycete spore (D)
21 creatures vanquished.

Vanquished Creatures (others)
  6 fungi (D)
6 creatures vanquished.

Grand Total: 27 creatures vanquished

Notes
Turn   | Place    | Note
-------+----------+-------------------------------------------
     0 | D        | Ghella the Felid Enchanter began the quest for the Orb.
     0 | D        | Reached XP level 1. HP: 7/7 MP: 4/4
    17 | D        | Reached skill level 7 in Stealth
    17 | D        | Reached XP level 2. HP: 11/11 MP: 6/6
   170 | D        | Noticed an oklob sapling
   172 | D        | Killed an oklob sapling
   172 | D        | Reached skill level 9 in Stealth
   172 | D        | Reached XP level 3. HP: 14/14 MP: 7/7
   175 | D        | Found the amulet of invisibility {+Inv}
   176 | D        | Reached skill level 11 in Stealth
   200 | D        | Found an opulent altar of Gozag.
   200 | D        | Found a hazy altar of Hepliaklqana.
   200 | D        | Found a burning altar of Makhleb.
   200 | D        | Found a roughly hewn altar of Beogh.
   200 | D        | Found a sparkling altar of Nemelex Xobeh.
   200 | D        | Found a snail-covered altar of Cheibriados.
   200 | D        | Found a sacrificial altar of Ru.
   200 | D        | Found a deep blue altar of Sif Muna.
   200 | D        | Found a shimmering altar of Xom.
   200 | D        | Found a basalt altar of Yredelemnul.
   201 | D        | Found a viscous altar of Jiyva.
   201 | D        | Found a bloodstained altar of Trog.
   201 | D        | Found an ornate altar of the Wu Jian Council.
   201 | D        | Noticed an oklob sapling priest
   202 | D        | Found an iron altar of Okawaru.
   202 | D        | Found a shadowy altar of Dithmenos.
   202 | D        | Found a glowing silver altar of Zin.
   203 | D        | Found an ancient bone altar of Kikubaaqudgha.
   203 | D        | Found a hide-covered altar of Uskayaw.
   204 | D        | Found a stormy altar of Qazlal.
   204 | D        | Found a white marble altar of Elyvilon.
   204 | D        | Found a glowing golden altar of the Shining One.
   205 | D        | Found a corrupted altar of Lugonu.
   205 | D        | Found a radiant altar of Vehumet.
   209 | D        | Killed an oklob sapling priest
   209 | D        | Reached skill level 13 in Stealth
   209 | D        | Reached skill level 1 in Evocations
   209 | D        | Reached XP level 4. HP: 18/18 MP: 5/8
   214 | D        | Became a worshipper of Dithmenos the Shadowed
   232 | D        | Reached XP level 5. HP: 21/21 MP: 6/9
   664 | D        | Reached skill level 14 in Stealth
   708 | D        | Learned a level 2 spell: Ensorcelled Hibernation
   708 | D        | Slain by a spriggan
   709 | D        | Reached XP level 4. HP: 0/18 MP: 6/8
   709 | D        | Noticed an oklob plant conjurer
   715 | D        | Learned a level 3 spell: Confuse
   917 | D        | Killed an oklob plant conjurer
   917 | D        | Reached * piety under Dithmenos
   917 | D        | Reached skill level 17 in Stealth
   917 | D        | Reached skill level 5 in Evocations
   917 | D        | Reached XP level 5. HP: 21/21 MP: 6/9
   917 | D        | Gained mutation: You are covered in thick fur. (AC +2) [Felid growth]
   917 | D        | Reached XP level 6. HP: 24/24 MP: 6/10
  1552 | D        | Noticed an oklob plant
  1552 | D        | Noticed an oklob plant summoner
  1553 | D        | Noticed an oklob plant shifter
  1558 | D        | Killed an oklob plant
  1558 | D        | Reached skill level 20 in Stealth
  1558 | D        | Reached XP level 7. HP: 27/27 MP: 8/13
  1561 | D        | Killed an oklob plant summoner
  1561 | D        | Reached XP level 8. HP: 31/31 MP: 9/14
  1563 | D        | Killed an oklob plant shifter
  1563 | D        | Reached ** piety under Dithmenos
  1563 | D        | Reached skill level 21 in Stealth
  1722 | D        | Noticed a demonic crawler
  1724 | D        | Killed a demonic crawler
  1724 | D        | Reached skill level 22 in Stealth
  1726 | D        | Noticed a spriggan rider
  1727 | D        | Found Jeyve's General Store.
  1736 | D        | Demolished by a spriggan rider
  1737 | D        | Reached XP level 7. HP: -17/27 MP: 3/14
  1737 | D        | Found Seeqaihe's Antique Weapon Shop.
  1742 | D        | Found Huoleassi's Food Emporium.
  1748 | D        | Noticed a wandering mushroom
  1749 | D        | Noticed a burning bush
  1750 | D        | Found Agiac's Gadget Shoppe.
  1785 | D        | Got a brightly glowing copper ring
  1973 | D        | Noticed a wandering mushroom
  1975 | D        | Killed a wandering mushroom
  1975 | D        | Reached skill level 1 in Ice Magic
  1976 | D        | Found Heqis's Weapon Emporium.
  1977 | D        | Reached *** piety under Dithmenos
  1977 | D        | Reached XP level 8. HP: 31/31 MP: 12/15
  1979 | D        | Killed a burning bush
  1979 | D        | Reached skill level 23 in Stealth
  1986 | D        | Killed a wandering mushroom
  2234 | D        | Reached **** piety under Dithmenos
  2710 | D        | Mangled by a spriggan rider

Vault maps used:
D:        dungeon_sprint_fedhas

Skill      XL: |  1  2  3  4  5  6  7  8 |
---------------+-------------------------+-----
Stealth        | 7 9 13 17 14 20 23 | 23.7
Evocations     | 1 5 2 7 9 8 |  9.8
Ice Magic      | 1 2 |  2.8
Fighting       | |  0.8
Dodging        | |  2.6
Unarmed Combat | |  1.0
Spellcasting   | |  2.0
Hexes          | |  4.4

Action                   |  1- 3 |  4- 6 |  7- 9 || total
-------------------------+-------+-------+-------++-------
Melee: Unarmed           |     5 |     6 |    19 ||    30
       Bite              |     1 |       |     2 ||     3
       Punch             |       |       |     1 ||     1
 Cast: Ensorcelled Hiber |       |     1 |    29 ||    30
       Confuse           |       |       |     4 ||     4
 Abil: Evoke Invisibilit |     1 |     5 |     3 ||     9
  Use: Potion            |     1 |     1 |     3 ||     5
       Scroll            |       |     1 |       ||     1
 Stab: Sleeping          |     3 |     5 |     9 ||    17
       Invisible         |       |       |     2 ||     2
       Distracted        |       |       |     1 ||     1
  Eat: Chunk             |     1 |       |     1 ||     2
Dodge: Dodged            |     1 |     3 |    30 ||    34

Table legend:
 A = Spawn XP
 B = Non-spawn XP
 C = Spawn XP percentage of total XP
 D = Spawn monster count
 E = Non-spawn monster count
 F = Spawn count percentage of total count
 G = Total turns spent on level
                    A         B        C        D         E        F      G
               +---------+---------+-------+---------+---------+-------+---------
         Total |       0 |    3625 |   0.0 |       0 |      20 |   0.0 |  2710
               +---------+---------+-------+---------+---------+-------+---------
             D |       0 |    3625 |   0.0 |       0 |      20 |   0.0 |  2710
               +---------+---------+-------+---------+---------+-------+---------
